 Dungeon Crawl Stone Soup version 0.17.0-28-g6e173f8 (console) character file.

48 Kloppie the Ruffian (level 3, -2/30 HPs)
             Began as a Draconian Transmuter on Nov 22, 2015.
             Killed from afar by Terence (3 damage)
             ... with a wand of frost
             ... on level 2 of the Dungeon.
             The game lasted 00:02:20 (1586 turns).

Kloppie the Ruffian (Draconian Transmuter)          Turns: 1586, Time: 00:02:21

Health: -2/30      AC:  5    Str: 12    XL:     3   Next: 50%
Magic:  5/6        EV: 12    Int: 14    God:
Gold:   89         SH:  0    Dex: 11    Spells: 2 memorised, 2 levels left

rFire  + . .     SeeInvis .       - Unarmed
rCold  . . .     Clarity  .     (armour unavailable)
rNeg   . . .     SustAt   .     (no shield)
rPois  .         Gourm    .     (helmet restricted)
rElec  .         Spirit   .     (no cloak)
rCorr  .         Warding  .     (no gloves)
rMut   .         Stasis   .     (boots currently unavailable)
MR     .....                    (no amulet)
Stlth  +.........               (no ring)
                                l - ring of protection from fire

@: appendage, not resistant to hostile enchantments, very unstealthy
A: unfitting armour, talons 3, cold-blooded, AC +5
a: End Transformation


You were on level 2 of the Dungeon.
You were not hungry.
You had grown temporary talons.
You visited 1 branch of the dungeon, and saw 2 of its levels.

You collected 89 gold pieces.

Inventory:

Missiles
 a - 12 arrows
Armour
 f - a +0 shield
Jewellery
 l - a ring of protection from fire (left hand)
Scrolls
 e - 2 scrolls of magic mapping {unknown}
 i - a scroll of amnesia {unknown}
 k - a scroll of teleportation {unknown}
Potions
 d - a potion of heal wounds {unknown}
 g - a potion of haste {unknown}
 h - a potion of invisibility {unknown}
Books
 b - a book of Changes

   Spells                             Type                      Level
   a - Beastly Appendage              Transmutation                1
   b - Sticks to Snakes               Transmutation                2
   c - Spider Form                    Transmutation/Poison         3
   d - Ice Form                       Ice/Transmutation            4
   e - Blade Hands                    Transmutation                5
Comestibles
 c - a bread ration
 j - 2 slices of pizza


   Skills:
 + Level 2.6 Fighting
 - Level 1.7 Dodging
 + Level 3.9 Unarmed Combat
 - Level 2.0 Spellcasting
 - Level 2.0 Transmutations


You had 2 spell levels left.
You knew the following spells:

 Your Spells              Type           Power        Failure   Level  Hunger
a - Beastly Appendage     Trmt           #.....       12%         1    ##.....
b - Spider Form           Trmt/Pois      #.........   47%         3    ####...


Dungeon Overview and Level Annotations

Branches:
Dungeon (2/15)

Altars:
Okawaru

Annotations:
D:2 Terence


Innate Abilities, Weirdness & Mutations

Your plain brown scales are hard (AC +5).
Your body does not fit into most forms of armour.
You are cold-blooded and may be slowed by cold attacks.
You have claws for feet.


Message History

No target in view!
No target in view!
There is a faded altar to an unknown god here.
You see here a goblin corpse.
Terence the Incautious comes into view.
He is wielding a flail.
Terence shouts!
Terence zaps a wand.
The puff of frost hits you!
It is a wand of frost.
Terence zaps a wand.
The puff of frost hits you! Terence says, "Did you write a will?
You should..."
Terence zaps a wand.
The puff of frost hits you!
* * * LOW HITPOINT WARNING * * *
Found a stone staircase leading down.
Casting: Beastly Appendage
Confirm with . or Enter, or press ? or * to list all spells.
Your feet morph into talons.
Terence zaps a wand.
The puff of frost hits you!
* * * LOW HITPOINT WARNING * * *
Terence zaps a wand.
The puff of frost hits you!
* * * LOW HITPOINT WARNING * * *
Terence zaps a wand.
The puff of frost hits you!
You die...

......## ....### ....#
.)####### ##......#
...######## ...........
...#################..#.
................@@......
.#.#################.>##
.#.# .#.# .#.# .#<# .###
.# .#


You could see Terence.

Vanquished Creatures
  An adder (D:2)
  An ooze (D:1)
  A ball python (D:1)
  2 giant cockroaches
  6 hobgoblins
  2 jackals
  5 bats
  A giant gecko (D:1)
  A giant newt (D:2)
  4 goblins
  5 kobolds
  5 rats
34 creatures vanquished.

Notes
Turn   | Place    | Note
--------------------------------------------------------------
     0 | D:1      | Kloppie the Draconian Transmuter began the quest for the Orb.
     0 | D:1      | Reached XP level 1. HP: 16/16 MP: 3/3
   618 | D:1      | Reached XP level 2. HP: 20/23 MP: 3/5
  1073 | D:1      | Found an iron altar of Okawaru.
  1184 | D:2      | Reached XP level 3. HP: 29/29 MP: 6/6
  1205 | D:2      | Learned a level 3 spell: Spider Form
  1538 | D:2      | Found a faded altar to an unknown god.
  1580 | D:2      | Noticed Terence
  1585 | D:2      | HP: 1/30 [Terence/wand of frost (7)]
  1586 | D:2      | Killed from afar by Terence

Action                   || total
-------------------------++-------
Melee: Unarmed           ||   105
 Cast: Beastly Appendage ||     4
  Eat: Chunk             ||     2
